 Dungeon Crawl Stone Soup version 0.28-a0-1339-ga5422284a4 (webtiles) character file.

Game seed: 16288405140836508424

744 bande the Covered (level 7, -2/44 HPs)
             Began as a Gargoyle Fighter on Dec 29, 2021.
             Slain by a water moccasin (5 damage)
             ... on level 4 of the Dungeon.
             The game lasted 00:08:15 (6958 turns).

bande the Covered (Gargoyle Fighter)                Turns: 6958, Time: 00:08:16

Health: -2/44      AC: 12    Str: 20    XL:     7   Next: 76%
Magic:  7/7        EV:  9    Int:  8    God:
Gold:   141        SH:  5    Dex: 11    Spells: 6/6 levels left

rFire   . . .      SeeInvis .   a - +0 war axe
rCold   . . .      Faith    +   c - +1 buckler
rNeg    + . .      Spirit   .   b - +0 scale mail
rPois   ∞          Reflect  .   (no helmet)
rElec   +          Harm     .   (no cloak)
rCorr   .          Rampage  .   (no gloves)
Will    .....                   (no boots)
Stlth   ..........              k - amulet of faith
HPRegen 0.14/turn               (no ring)
MPRegen 0.10/turn               (no ring)

@: no status effects
A: sickness immunity, AC +4, negative energy resistance 1, electricity
resistance, torment resistance 1, petrification resistance
a: no special abilities


You were on level 4 of the Dungeon.
You visited 1 branch of the dungeon, and saw 5 of its levels.

You collected 141 gold pieces.

Inventory:

Hand Weapons
 a - a +0 war axe (weapon)
 i - a +2 mace of holy wrath
Armour
 b - a +0 scale mail (worn)
 c - a +1 buckler (worn)
Jewellery
 f - a ring of ice
 k - an amulet of faith (around neck)
Scrolls
 e - a scroll of immolation {unknown}
 j - a scroll of identify
 m - a scroll of teleportation {unknown}
Potions
 d - 2 potions of might
 g - a potion of brilliance
 h - a potion of flight {unknown}
 l - a potion of attraction {unknown}


   Skills:
 + Level 4.7 Fighting
 + Level 5.3 Axes
 + Level 6.0 Armour
 + Level 4.2 Shields


You had 6 spell levels left.
You didn't know any spells.
Your spell library contained the following spells:

 Spells                   Type           Power      Damage    Failure   Level
 Shock                    Conj/Air       0%         1d3       75%         1
 Swiftness                Air            0%         N/A       98%         3
 Airstrike                Air            0%         N/A       100%        4


Dungeon Overview and Level Annotations

Branches:
Dungeon (5/15)
 Temple: D:4-7

Altars:
Gozag
Nemelex Xobeh

Shops:
D:1 !

Annotations:
D:4 exclusion: oklob sapling


Innate Abilities, Weirdness & Mutations

You are immune to sickness and miasma.
Your stone body is resilient. (AC +4)
You are immune to poison.
You resist negative energy. (rN+)
You are resistant to electric shocks. (rElec)
You are resistant to unholy torment.
You are immune to petrification.


Message History

The water moccasin bites you but does no damage.
You see here a sedimented yellow potion.
l - a sedimented yellow potion You block the water moccasin's attack.
You block the water moccasin's attack.
You see here a scroll labelled QIKOX NISTALOG.
m - a scroll labelled QIKOX NISTALOG The water moccasin bites you.
The water moccasin bites you.
The water moccasin bites you but does no damage.
The water moccasin bites you! You block the water moccasin's attack.
The water moccasin bites you! The water moccasin bites you.
The water moccasin completely misses you.
The water moccasin bites you but does no damage.
You block the water moccasin's attack. The water moccasin bites you.
You see here 6 boomerangs.
The water moccasin bites you!
* * * LOW HITPOINT WARNING * * *
The water moccasin bites you but does no damage.
You block the water moccasin's attack. You block the water moccasin's attack.
The water moccasin bites you.
* * * LOW HITPOINT WARNING * * *
The water moccasin bites you.
* * * LOW HITPOINT WARNING * * *
There is a stone staircase leading up here.
The water moccasin bites you.
* * * LOW HITPOINT WARNING * * *
You climb upwards.
Level annotation: exclusion: oklob sapling
There is a stone staircase leading down here.
You barely miss the water moccasin. The water moccasin closely misses you.
The water moccasin misses you.
You closely miss the water moccasin.
The water moccasin bites you but does no damage.
The water moccasin bites you.
You die...

..#............#.............#...
#.############.##################
....(............#...............
#.############.#.....###########.
..........# #.#.....###########.
..#######.####.#.....#.........#.
..# #..).#.#.....#.#######.#.
..##########.#.#.....#.# #.#.
..........#..#.#@S...#.# #.#.
.########.#.##.#.....#(# #.#.
.#...........#.#.....#.# #.#.
.##.#####.####.#.#...#.# #.#.
.##.#####......#.###.#.# #.#.
.##.....#..#####.......# #.#.
.######.#..# #####.#.##### #.#.
.# #.#..#####...........# #.#. .#
#.#........###...###.###.#.


You could see a water moccasin.

Vanquished Creatures
  A black bear (D:4)
  3 ogres
  A scorpion (D:4)
  A water moccasin skeleton (D:3)
  A centaur zombie (D:5)
  A jelly (D:5)
  2 orc priests (D:3)
  A hound skeleton (D:4)
  7 adders
  3 worms
  2 dart slugs (D:1)
  6 orcs
  10 ball pythons
  10 endoplasms
  3 giant cockroaches
  7 goblins
  2 hobgoblins
  4 jackals (D:1)
  8 kobolds
  2 quokkas (D:1)
  5 bats
  2 frilled lizards (D:1)
  7 rats
89 creatures vanquished.

Vanquished Creatures (others)
  A plant (D:4)
1 creature vanquished.

Grand Total: 90 creatures vanquished

Notes
Turn   | Place    | Note
-------+----------+-------------------------------------------
     0 | D:1      | bande the Gargoyle Fighter began the quest for the Orb.
     0 | D:1      | Reached XP level 1. HP: 14/14 MP: 1/1
   157 | D:1      | Reached XP level 2. HP: 19/19 MP: 2/2
   162 | D:1      | Found a faded altar of an unknown god.
   520 | D:1      | Reached XP level 3. HP: 20/23 MP: 3/3
   545 | D:1      | Found Wiufoej's Distillery.
   932 | D:1      | Reached skill level 4 in Armour
  1428 | D:2      | Reached XP level 4. HP: 23/29 MP: 4/4
  2670 | D:3      | Reached XP level 5. HP: 4/33 MP: 5/5
  3052 | D:3      | Found a sparkling altar of Nemelex Xobeh.
  3075 | D:3      | Reached XP level 6. HP: 13/38 MP: 6/6
  3791 | D:3      | Found an opulent altar of Gozag.
  4365 | D:4      | Noticed a black bear
  4379 | D:4      | Killed a black bear
  4380 | D:4      | Reached skill level 5 in Armour
  5035 | D:4      | Reached XP level 7. HP: 5/44 MP: 7/7
  6281 | D:5      | Entered Level 5 of the Dungeon
  6289 | D:5      | Reached skill level 5 in Axes
  6459 | D:5      | Reached skill level 6 in Armour
  6872 | D:5      | Noticed a yak
  6872 | D:5      | Noticed a yak
  6872 | D:5      | Noticed a yak
  6873 | D:5      | Noticed a yak
  6873 | D:5      | Noticed a yak
  6958 | D:4      | Slain by a water moccasin

Illustrated notes

Levels and vault maps discovered:
D:1:      co_arrival_square_in_a_square_in_a_square, layout_basic, serial_shops,
          nicolae_shop_temple_entry_statues_fountains, basic_ecumenical_altar
D:2:      layout_basic, nicolae_underground_beach
D:3:      layout_basic, mainiacjoe_overflow_surrounded_room,
          mainiacjoe_overflow_small_starburst
D:4:      layout_basic, minmay_temple_entry_oklob, minmay_misc_feat_cross
D:5:      layout_loops_ring

Skill      XL: |  1  2  3  4  5  6  7 |
---------------+----------------------+-----
Axes           | 2 3 4 5 |  5.3
Armour         | 4 5 6 |  6.0
Fighting       | 4 |  4.7
Shields        | 4 |  4.2

Action                   |  1- 3 |  4- 6 |  7- 9 || total
-------------------------+-------+-------+-------++-------
Melee: War axe           |   126 |   145 |    55 ||   326
  Use: Scroll            |     1 |     3 |     1 ||     5
       Potion            |       |     1 |       ||     1
Armor: Scale mail        |    67 |    86 |    29 ||   182
Dodge: Dodged            |    74 |    71 |    30 ||   175
Block: Buckler           |    27 |    40 |    24 ||    91

Table legend: (Time is in decaauts)
 A = Elapsed time spent in this place.
 B = Non-inter-level travel time spent in this place.
 C = Inter-level travel time spent in this place.
 D = Time resting spent in this place.
 E = Time spent auto-exploring this place.
 F = Levels seen in this place.
 G = Mean time per level.
                   A        B        C        D        E       F      G
               +--------+--------+--------+--------+--------+-----+--------+
         Total |   7077 |   6976 |    101 |   2342 |   3668 |   5 | 1415.4 |
       Dungeon |   7077 |   6976 |    101 |   2342 |   3668 |   5 | 1415.4 |
               +--------+--------+--------+--------+--------+-----+--------+

Top non-repeatable levels by time:
     D:4: 2202 daAuts
     D:2: 1722 daAuts
     D:1: 1350 daAuts
     D:3: 1123 daAuts
     D:5: 679 daAuts
